 Dungeon Crawl Stone Soup version 0.32-a0-953-g508020473e (webtiles) character file.

Game seed: 7806540942524369406

207 elagabalus the Conjurer (level 5, -1/28 HPs)
             Began as a Tengu Conjurer on Apr 16, 2024.
             Slain by a frilled lizard (3 damage)
             ... in a sewer.
             The game lasted 00:16:07 (1731 turns).

elagabalus the Conjurer (Tengu Conjurer)            Turns: 1731, Time: 00:16:08

Health: -1/28      AC:  3    Str:  7    XL:     5   Next: 85%
Magic:  1/9        EV: 11    Int: 21    God:
Gold:   1011       SH:  0    Dex: 12    Spells: 1/8 levels left

rFire   . . .        j - +0 dagger
rCold   . . .        (no shield)
rNeg    . . .        a - +0 robe
rPois   +            (helmet restricted)
rElec   .            (no cloak)
rCorr   .            h - +0 pair of gloves
SInv    .            (boots unavailable)
Will    .....        (no amulet)
Stlth   ++           f - ring of poison resistance
HPRegen 0.24/turn    (no ring)
MPRegen 0.11/turn

%: acrobat
@: no status effects
A: beak, talons 3, acrobatic
a: no special abilities


You were in a sewer.
You visited 1 branch of the dungeon, and saw 4 of its levels.
You also visited: Sewer.

You collected 1011 gold pieces.

Inventory:

Hand Weapons
 j - a +0 dagger (weapon)
Armour
 a - a +0 robe (worn)
 h - a +0 pair of gloves (worn)
Jewellery
 f - a ring of poison resistance (left hand)
 i - a ring of willpower
Wands
 k - a wand of acid (9)
Scrolls
 c - a scroll of fear
 g - 5 scrolls of teleportation
Potions
 b - 2 potions of magic
 d - a potion of degeneration {unknown}
 e - a potion of attraction {unknown}
 l - a potion of lignification
 n - 2 potions of heal wounds {unknown}


   Skills:
 - Level 0.1 Long Blades
 - Level 0.4 Axes
 - Level 0.1 Staves
 - Level 2.1 Dodging
 - Level 2.0 Stealth
 - Level 0.6 Shields
 - Level 2.0 Spellcasting
 - Level 7.3 Conjurations
 - Level 0.1 Necromancy
 - Level 0.3 Ice Magic
 - Level 0.2 Air Magic
 * Level 2.8 Alchemy
 - Level 0.1 Evocations


You had one spell level left.
You knew the following spells:

 Your Spells              Type           Power      Damage    Failure   Level
a - Magic Dart            Conj           100%       1d8       1%          1
b - Searing Ray           Conj           66%        2d6       1%          2
c - Fulminant Prism       Conj/Alch      11%        3d9       19%         4

Your spell library contained the following spells:

 Spells                   Type           Power      Damage    Failure   Level
 Iskenderun's Mystic Bla Conj/Tloc 17%            2d5        (+2d2     32%         4
 Call Canine Familiar     Summ           2%         N/A       38%         3
 Sigil of Binding         Hex            2%         N/A       38%         3
 Maxwell's Portable Pile  Tloc           2%         2d(5-14)  41%         3
 Dimensional Bullseye     Hex/Tloc       1%         N/A       82%         4
 Magnavolt                Erth/Air       1%         3d9       100%        7
 Maxwell's Capacitive Co  Air            1%         ∞         100%        8


Dungeon Overview and Level Annotations

Branches:
Dungeon (4/15)              Sewer (1/1)
 Temple: D:4-7

Altars:
Ashenzari
Makhleb
Qazlal
Trog
Uskayaw

Annotations:
D:2 Jessica


Innate Abilities, Weirdness & Mutations

You have a beak for a mouth.
You have claws for feet.
You can magically evade attacks while moving or waiting.


Message History

(Press . to maintain the ray.)
The adder barely misses you. x2; The adder bites you but does no damage.
You hit the adder.
You kill the adder!
The frilled lizard bites you.
* * * LOW HITPOINT WARNING * * *
The adder closely misses you.
You barely miss the ball python. You claw the ball python.
You kill the ball python!
The frilled lizard bites you.
* * * LOW HITPOINT WARNING * * *
The adder misses you.
You barely miss the river rat. The adder bites you.
* * * LOW HITPOINT WARNING * * *
The frilled lizard closely misses you. The river rat closely misses you.
The adder closely misses you.
You hit the river rat. Your kick misses the river rat. You peck the river rat.
The river rat is moderately wounded.
The frilled lizard barely misses you. The river rat closely misses you.
The adder barely misses you.
You hit the river rat but do no damage.
You claw the river rat, but do no damage.
The river rat is moderately wounded.
The frilled lizard misses you. The river rat bites you.
* * * LOW HITPOINT WARNING * * *
The adder barely misses you.
You hit the river rat but do no damage.
The river rat is moderately wounded.
The adder barely misses you. The frilled lizard barely misses you.
The river rat barely misses you.
The rat twitches its whiskers.
You hit the river rat.
You peck the river rat, but do no damage.
The river rat is heavily wounded.
The adder bites you but does no damage. The frilled lizard barely misses you.
The river rat barely misses you. The adder closely misses you.
You barely miss the river rat.
The river rat is heavily wounded.
The frilled lizard bites you.
You die...

≈≈≈≈≈≈~...#
≈≈≈≈≈~....#
≈≈≈≈≈~~..##
≈≈≈###'###
≈≈≈#..)..#
≈≈ #.....#
##r..##
#lrK..#
#@S#.!#
#######
≈≈≈≈≈≈≈≈
≈≈≈≈≈≈≈≈≈≈
############


You could see an adder, a river rat, a kobold, a frilled lizard and a rat.

Vanquished Creatures
  A kobold brigand (Sewer)
  An orc wizard (D:4)
  5 adders
  A river rat (Sewer)
  2 dart slugs
  3 orcs (D:4)
  3 endoplasms
  2 giant cockroaches
  5 goblins
  A hobgoblin (D:2)
  14 kobolds
  5 quokkas
  A ball python (Sewer)
  2 bats
  3 frilled lizards
  9 rats
58 creatures vanquished.

Notes
Turn   | Place    | Note
-------+----------+-------------------------------------------
     0 | D:1      | elagabalus the Tengu Conjurer began the quest for the Orb.
     0 | D:1      | Reached XP level 1. HP: 10/10 MP: 4/4
   417 | D:1      | Reached XP level 2. HP: 15/15 MP: 0/6
   421 | D:1      | Learned a level 2 spell: Searing Ray
   452 | D:1      | Reached skill level 6 in Conjurations
   734 | D:2      | Identified a scroll of acquirement
   734 | D:2      | Acquired 829 gold pieces
   867 | D:2      | Reached XP level 3. HP: 19/19 MP: 0/7
   872 | D:2      | Noticed Jessica
  1098 | D:2      | Found a faded altar of an unknown god.
  1239 | D:2      | You fall into a shaft and drop 2 floors!
  1283 | D:4      | Reached skill level 7 in Conjurations
  1283 | D:4      | Reached XP level 4. HP: 9/24 MP: 0/8
  1288 | D:4      | Learned a level 4 spell: Fulminant Prism
  1423 | D:3      | Found a hide-covered altar of Uskayaw.
  1423 | D:3      | Found a bloodstained altar of Trog.
  1424 | D:3      | Found a stormy altar of Qazlal.
  1426 | D:3      | Found a burning altar of Makhleb.
  1427 | D:3      | Found a broken altar of Ashenzari.
  1450 | D:3      | Found a glowing drain.
  1507 | Sewer    | Entered a sewer
  1525 | Sewer    | Reached skill level 1 in Alchemy
  1543 | Sewer    | Noticed a kobold brigand
  1586 | Sewer    | Killed a kobold brigand
  1587 | Sewer    | Reached XP level 5. HP: 10/28 MP: 0/9
  1728 | Sewer    | HP: 1/28 [river rat (4)]
  1731 | Sewer    | Slain by a frilled lizard

Illustrated notes

Levels and vault maps discovered:
D:1:      minmay_arrival_up_and_down, layout_loops_ring
D:2:      layout_basic, hellmonk_ecumenical_altar_arch_garden, feat_on_display,
          uniq_jessica
D:3:      layout_basic, grunt_temple_overflow_open, dk_yredelemnul_ordeal,
          nicolae_hepliaklqana_monster_ancestors, portal_sewer_entry_f
D:4:      layout_gridville, amcnicky_altar_gilded
Sewer:    sewer_minmay_treatment

Skill      XL: |  1  2  3  4 |
---------------+-------------+-----
Conjurations   | 6 7 |  7.3
Alchemy        | 2 |  2.8
Long Blades    | |  0.1
Axes           | |  0.4
Staves         | |  0.1
Dodging        | |  2.1
Stealth        | |  2.0
Shields        | |  0.6
Spellcasting   | |  2.0
Necromancy     | |  0.1
Ice Magic      | |  0.3
Air Magic      | |  0.2
Evocations     | |  0.1

Action                     |  1- 3 |  4- 6 || total
---------------------------+-------+-------++-------
  Melee: Unarmed           |     1 |       ||     1
         Dagger            |     3 |    28 ||    31
         Peck              |     1 |     8 ||     9
         Kick              |     1 |     4 ||     5
   Cast: Magic Dart        |    34 |    27 ||    61
         Searing Ray       |     6 |     7 ||    13
    Use: Scroll            |     7 |     1 ||     8
 Armour: Robe              |    18 |    36 ||    54
  Dodge: Dodged            |    21 |    85 ||   106

Table legend: (Time is in decaauts)
 A = Elapsed time spent in this place.
 B = Non-inter-level travel time spent in this place.
 C = Inter-level travel time spent in this place.
 D = Time resting spent in this place.
 E = Time spent auto-exploring this place.
 F = Levels seen in this place.
 G = Mean time per level.
                   A        B        C        D        E       F      G
               +--------+--------+--------+--------+--------+-----+--------+
         Total |   1732 |   1676 |     56 |      0 |      0 |   5 |  346.4 |
       Dungeon |   1508 |   1452 |     56 |      0 |      0 |   4 |  377.0 |
         Sewer |    223 |    223 |      0 |      0 |      0 |   1 |  223.0 |
               +--------+--------+--------+--------+--------+-----+--------+

Top non-repeatable levels by time:
     D:1: 775 daAuts
     D:2: 463 daAuts
   Sewer: 223 daAuts
     D:4: 183 daAuts
     D:3: 86 daAuts
